[Event "Srdja Dragasevic Memorial-A 2024"]
[Site "Cetinje"]
[Date "2024.06.23"]
[Round "1.1"]
[White "Vujovic, Savo"]
[Black "Karthik Venkataraman"]
[Result "0-1"]
[ECO "B12"]
[WhiteElo "2230"]
[BlackElo "2590"]
[Annotator "RC"]
[PlyCount "132"]
[EventDate "2024.06.23"]
[EventType "swiss"]
[EventCountry "MNE"]
[SourceTitle "playchess.com"]
[Source "ChessBase"]
[SourceQuality "1"]
[TimeControl "40/5400+30:1800+30"]

1. e4 c6 2. d4 d5 3. e5 Bf5 4. h4 h5 5. Bg5 Qb6 6. Bd3 Qxd4 7. Nf3 Qg4 8. Bxf5 Qxf5 9. O-O f6 10. c4 fxg5 11. Qb3 Nd7 12. Qxb7 Rb8 13. Qxc6 Rh6 14. Qxd5 g4 15. Ng5 e6 16. Qd1 Rxb2 17. Nc3 Qc2 18. Qd4 Bc5 19. Qf4 Qf5 20. Qg3 Bd4 21. Nce4 Qxe5 22. Qa3 Re2 23. Nd6+ Kf8 24. Ndf7+ Qc5 25. Qd3 Rf6 26. Qxe2 e5 27. Qe4 Qe7 28. Nh8 Qe8 29. Nh7+ Ke7 30. Rad1 Rd6 31. Ng5 Ngf6 32. Ng6+ Kd8 33. Qa8+ Kc7 34. Qxe8 Nxe8 35. Ne7 g3 36. Ne4 gxf2+ 37. Kh1 Ra6 38. Nd5+ Kd8 39. Rd2 Nd6 40. Nxd6 Rxd6 41. Nc3 Rc6 42. Ne4 Rxc4 43. Nxf2 Be3 44. Re2 Rxh4+ 45. Kg1 Bb6 46. g3 Ra4 47. Kg2 Ke7 48. Nd3 e4 49. Nf4 Nf6 50. Rd1 Ra5 51. Nd3 g5 52. Nf2 e3 53. Rd3 Ke6 54. Nd1 Ng4 55. Rb3 Bd4 56. Nc3 Ne5 57. Ne4 g4 58. Rb8 Nf3 59. Rc8 Ra3 60. Nc5+ Bxc5 61. Rxc5 Nd4 62. Rb2 e2 63. Rc1 Kd5 64. Kf2 Rf3+ 65. Kg2 Ke4 66. Rb7 Ke3 0-1

[Event "Srdja Dragasevic Memorial-A 2024"]
[Site "Cetinje"]
[Date "2024.06.23"]
[Round "1.2"]
[White "Petrov, Nikita"]
[Black "Asllani, Muhamet"]
[Result "1-0"]
[ECO "D20"]
[WhiteElo "2566"]
[BlackElo "2219"]
[Annotator "TA"]
[PlyCount "59"]
[EventDate "2024.06.23"]
[EventType "swiss"]
[EventCountry "MNE"]
[SourceTitle "playchess.com"]
[Source "ChessBase"]
[SourceQuality "1"]
[TimeControl "40/5400+30:1800+30"]

1. d4 d5 2. c4 dxc4 3. e4 e5 4. Nf3 exd4 5. Bxc4 Bb4+ 6. Nbd2 Nc6 7. O-O Be6 8. Bxe6 fxe6 9. Nb3 e5 {[%emt 0:01:22] [#]} ({Black should try} 9... Qd7 $14) 10. Nxe5 $1 $18 Nxe5 (10... Nge7 11. Nd3) 11. Qh5+ (11. Nxd4 $2 {is the wrong capture.} Qd7 12. Bf4 Ng6 $19) 11... Ng6 {[%emt 0:08:56] aiming for ...Qd7. White is clearly better.} 12. Qb5+ Qd7 (12... c6 {was called for.} 13. Qxb4 Qd7 14. Nxd4 a5) 13. Qxb7 ({Weaker is} 13. Qxb4 b6 $16) 13... Rd8 14. Qxb4 Nf6 15. f3 Qd6 16. Qxd6 Rxd6 {[%emt 0:00:33] [#]} (16... cxd6 17. Nxd4 Rd7) 17. e5 $1 {[%emt 0:01:23][%mdl 512] White is clearly winning.} Nxe5 18. Re1 Re6 {[%emt 0:00:04][%cal Oe5f3] Threatens to win with ...Nxf3+!} 19. Bf4 (19. Nxd4 Re7 20. b3 Nd3 21. Rxe7+ Kxe7 $14) 19... Nd3 20. Rxe6+ Kf7 {[%emt 0:00:02] [#]} 21. Rxf6+ gxf6 22. Bxc7 Rc8 23. Bg3 Rc2 24. Nxd4 Rxb2 25. a4 h5 26. a5 h4 27. Bxh4 Rb4 {[%emt 0:00:23] [#]} 28. Nc6 $1 Rxh4 29. Nxa7 Nc5 30. a6 {[%emt 0:00:30] White took control after the opening.   Weighted Error Value: White=0.06 (flawless) /Black=0.46.  Mistake:       	---       	Black=2      OK:         	White=9     	Black=5      Best:        	White=3     	---        Brilliant:      	White=1     	---} 1-0

[Event "Srdja Dragasevic Memorial-A 2024"]
[Site "Cetinje"]
[Date "2024.06.23"]
[Round "1.3"]
[White "Pogorelskikh, Sofia"]
[Black "Djukic, Nikola"]
[Result "1/2-1/2"]
[ECO "B48"]
[WhiteElo "2216"]
[BlackElo "2532"]
[Annotator "TA"]
[PlyCount "109"]
[EventDate "2024.06.23"]
[EventType "swiss"]
[EventCountry "MNE"]
[SourceTitle "playchess.com"]
[Source "ChessBase"]
[SourceQuality "1"]
[TimeControl "40/5400+30:1800+30"]

1. e4 c5 2. Nf3 e6 3. d4 cxd4 4. Nxd4 Nc6 5. Nc3 Qc7 6. Be3 a6 7. Qf3 b5 8. Nxc6 Qxc6 9. Bd3 {[%emt 0:00:41] White has an edge.} b4 10. Ne2 Nf6 11. Nd4 Qc7 12. O-O Bb7 13. Bf4 {[%emt 0:10:43] Wards off Qe5} Bd6 14. Bxd6 Qxd6 15. e5 Qb6 ({Reject} 15... Qxd4 $6 16. Qxb7 Qd5 17. Bxa6 Qxb7 18. Bxb7 $16) (15... Bxf3 {simplifies} 16. exd6 Be4 17. a3 Bxd3 18. cxd3 Nd5) 16. Qf4 Nd5 17. Qg4 f5 18. Qh4 (18. Qxg7 O-O-O 19. Nxf5 exf5 $19) 18... Ne7 {[%emt 0:05:49][%cal Bd5e7,Be7g6,Bg6e5][%mdl 32] ...Ng6 would now be deadly.} 19. Be2 {[%emt 0:03:37] [#]} g5 $1 20. Qh5+ Ng6 21. Rad1 {[%emt 0:08:31][%cal Od4f5] Black must now prevent Nxf5!} O-O-O {[%emt 0:03:03][%cal Ob7g2] Strongly threatening ...Bxg2!} 22. Qxg5 Rhg8 {[%emt 0:04:43] [#]} 23. Nf3 {[%emt 0:03:29] [#]} ({White should play} 23. f3 $1 $16) 23... Nxe5 $1 $15 24. Qf4 d6 25. h3 Rd7 {[%emt 0:11:28] Hoping for ...Rdg7.} 26. Kh2 $1 Rc7 27. c3 bxc3 28. bxc3 Rxc3 29. Rb1 Qc7 30. Rfc1 (30. Qh6 {looks sharper.} Qg7 31. Qxe6+ Nd7 32. Rg1) 30... Bxf3 31. gxf3 Rc5 (31... Kd7 $11) 32. Bxa6+ $18 Kd8 33. Rxc5 $2 (33. Kh1 $18 {is the precise move to win.} Ng6 34. Qh6 Rxc1+ 35. Rxc1) 33... dxc5 $16 34. Rd1+ (34. Qh4+ $16 Ke8 35. Kh1 (35. Bb5+ Kf7 $11)) 34... Ke7 $11 35. Qh4+ Kf7 36. Qxh7+ Rg7 37. Qh5+ Ng6+ 38. Kh1 $1 {[%emt 0:00:10] Active counter play!} c4 39. Bb5 {[%emt 0:00:31] Dodges Qc6} Kf6 40. h4 Qf4 {[%emt 0:00:00][%cal Og6e5] Dodges Qg5+. And now ...Ne5! would win.} 41. Qg5+ $1 Qxg5 42. hxg5+ Kxg5 {[%emt 0:00:04] Threatens to win with ...c3.} 43. Bxc4 {[%emt 0:01:18][%mdl 4096] Endgame. KRB-KRN} Rh7+ 44. Kg1 Nf4 45. a4 Rc7 46. Bf1 Ra7 47. Bb5 Nd5 48. Rd4 Kf6 {[%emt 0:01:26] The position is equal.} 49. f4 Nc3 50. Kg2 Rg7+ 51. Kf3 Rb7 52. Bc6 Rc7 53. Rc4 Nxa4 54. Rxa4 Rxc6 55. Ra3 {[%emt 0:00:07] Weighted Error Value: White=0.19 (very precise) /Black=0.16 (very precise) .  Loses game:     	---       	Black=1      Missed win:     	White=1     	---        Mistake:       	White=2     	---        Inaccurate:     	White=3     	Black=6      OK:         	White=15    	Black=21     Best:        	White=1     	Black=3      Strong:       	White=3     	---        Brilliant:      	---       	Black=1} 1/2-1/2

[Event "Srdja Dragasevic Memorial-A 2024"]
[Site "Cetinje"]
[Date "2024.06.23"]
[Round "1.4"]
[White "Saraci, Nderim"]
[Black "Pobor, Milo"]
[Result "1-0"]
[ECO "B47"]
[WhiteElo "2449"]
[BlackElo "2209"]
[Annotator "TA"]
[PlyCount "69"]
[EventDate "2024.06.23"]
[EventType "swiss"]
[EventCountry "MNE"]
[SourceTitle "playchess.com"]
[Source "ChessBase"]
[SourceQuality "1"]
[TimeControl "40/5400+30:1800+30"]

1. Nf3 c5 2. e4 Nc6 3. d4 cxd4 4. Nxd4 e6 5. Nc3 Qc7 6. g3 Nf6 7. Bg2 Nxd4 8. Qxd4 Bc5 9. Qd1 a6 {[%emt 0:01:13] The position is equal.} 10. O-O h5 11. Bf4 d6 12. h3 Bd7 13. Qd2 Rc8 14. Rad1 e5 15. Be3 (15. Bg5 $5) 15... Bb4 16. Bg5 Be6 ({Black should play} 16... Bxc3 $15 17. bxc3 Bb5) 17. a3 (17. Nb5 $5 Bxd2 18. Nxc7+ Rxc7 19. Rxd2 $11) 17... Bxc3 (17... Ba5 {feels hotter.} 18. Bxf6 Bxc3 19. Qg5 gxf6 20. Qxf6 Rg8) 18. bxc3 Nd7 19. Qxd6 Qxd6 20. Rxd6 Rxc3 21. Rfd1 Rxc2 22. f4 Rc7 23. Bf1 Bb3 24. Rb1 Ba4 25. fxe5 {[%emt 0:00:59] [#] And now e6 would win.} O-O 26. e6 fxe6 27. Rxe6 Nc5 (27... Rc3 $15 28. Bf4 Nc5) 28. Re7 $14 Rc6 29. Bc4+ Kh8 {[%emt 0:00:10] [#]} (29... Kh7 $14) 30. Bd5 {[%emt 0:00:46] A strong pair of Bishops.} (30. Bf4 $1 $18) 30... Rg6 $16 31. h4 $36 {[%emt 0:00:08][%mdl 2048] g4 is the strong threat. Black is under strong pressure. White is more active. Black is weak on the dark squares} b5 $2 (31... Bc6 $16 {was called for.}) 32. Rc1 $18 Nd3 33. Rf1 (33. Rc3 $142 Ne1 34. e5) 33... Rc8 $2 (33... Rxf1+ {is tougher.} 34. Kxf1 b4) 34. e5 Nc5 35. Rc1 {[%emt 0:00:35] Weighted Error Value: White=0.24 (precise) /Black=0.47.  Loses game:     	---       	Black=1      Mistake:       	White=2     	Black=4      Inaccurate:     	White=6     	Black=3      OK:         	White=7     	Black=13     Best:        	White=2     	Black=1} ({Not} 35. e6 Bb3 36. Bxb3 Nxb3 $16) 1-0

[Event "Srdja Dragasevic Memorial-A 2024"]
[Site "Cetinje"]
[Date "2024.06.23"]
[Round "1.5"]
[White "Pogorelskikh, Sergey"]
[Black "Milanovic, Danilo"]
[Result "0-1"]
[ECO "B01"]
[WhiteElo "2196"]
[BlackElo "2438"]
[Annotator "TA"]
[PlyCount "76"]
[EventDate "2024.06.23"]
[EventType "swiss"]
[EventCountry "MNE"]
[SourceTitle "playchess.com"]
[Source "ChessBase"]
[SourceQuality "1"]
[TimeControl "40/5400+30:1800+30"]

1. e4 d5 2. exd5 Qxd5 3. Nc3 Qd6 4. d4 Nf6 5. Nf3 g6 6. Nb5 Qb6 7. a4 c6 8. Na3 ({White should try} 8. a5 $16 Qd8 9. Nc3) 8... Bg7 $11 9. Nc4 Qd8 {[%emt 0:01:06][%cal Oc6c5] Black is weak on the dark squares} 10. Be2 O-O 11. O-O Nbd7 (11... Qc7 $14) 12. a5 Nd5 13. Re1 c5 14. c3 h6 15. Bf1 cxd4 16. Nxd4 Nc5 17. a6 e6 18. axb7 Bxb7 19. Na5 Qb6 20. Ndb3 Nxb3 21. Qxb3 Ba6 (21... Rfc8 $14 {is superior.}) 22. c4 $16 Ne7 23. Qa3 Qc7 24. Bd2 Rfe8 25. Bc3 e5 {[%emt 0:00:09] [#]} (25... Bxc3 $16 26. Qxc3 Reb8) 26. b4 $1 $18 Bc8 27. g3 Bd7 {[%emt 0:01:26] [#]} (27... Rb8 $16 28. b5 a6) 28. b5 $1 Rac8 29. Nb3 Nf5 30. Rad1 {[%emt 0:03:01] Wards off Nd6} (30. Qxa7 Qxa7 31. Rxa7 Bxb5 $16) (30. Nd2 $18) 30... Be6 $1 $14 31. Na5 (31. Bb4 $16) 31... Nd4 32. Bxd4 exd4 33. Nc6 a6 34. Nxd4 (34. Qxa6 $2 {too greedy.} Ra8 35. Nb4 (35. Rxe6 $2 fxe6 $19) 35... Rxa6 $19) 34... Bg4 {[%emt 0:00:04] A strong pair of Bishops.} 35. Nf3 axb5 36. cxb5 Qb7 $1 37. Rxe8+ Rxe8 38. Re1 $2 (38. Kg2 $11) 38... Ra8 {[%emt 0:00:08] What a bad dream for White.   Weighted Error Value: White=0.31/Black=0.12 (very precise) .  Loses game:     	White=1     	---        Mistake:       	White=3     	Black=4      Inaccurate:     	White=1     	Black=4      OK:         	White=11    	Black=12     Best:        	White=1     	Black=2      Strong:       	---       	Black=2} (38... Qxf3 $2 {loses.} 39. Rxe8+ Kh7 40. Qxf3 Bxf3 41. Bc4 $18) 0-1

[Event "Srdja Dragasevic Memorial-A 2024"]
[Site "Cetinje"]
[Date "2024.06.23"]
[Round "1.6"]
[White "Mammadov, Zaur"]
[Black "Miletic, Vuk"]
[Result "0-1"]
[ECO "E06"]
[WhiteElo "2426"]
[BlackElo "2193"]
[Annotator "RC"]
[PlyCount "170"]
[EventDate "2024.06.23"]
[EventType "swiss"]
[EventCountry "MNE"]
[SourceTitle "playchess.com"]
[Source "ChessBase"]
[SourceQuality "1"]
[TimeControl "40/5400+30:1800+30"]

1. d4 d5 2. Nf3 e6 3. c4 Nf6 4. cxd5 exd5 5. Nc3 c6 6. g3 Be7 7. Bg2 O-O 8. O-O Re8 9. Qc2 g6 10. Ne5 Qb6 11. Be3 Bf5 12. Qd2 Nbd7 13. Nxd7 Nxd7 14. f3 Qd8 15. Bh6 Nb6 16. b3 a5 17. e4 Be6 18. e5 a4 19. Ne2 axb3 20. axb3 Nd7 21. Nf4 Rxa1 22. Rxa1 Qb6 23. Nxe6 fxe6 24. Bh3 c5 25. Qa5 Bd8 26. Qa4 Qc7 27. Qb5 b6 28. dxc5 Qxc5+ 29. Qxc5 bxc5 30. Ra7 Nxe5 31. Rg7+ Kh8 32. f4 Bf6 33. Rc7 Nf3+ 34. Kg2 Nd4 35. g4 Be7 36. g5 Bf8 37. Bg4 Be7 38. h4 Kg8 39. h5 Kf7 40. Rb7 Nf5 41. Kf2 Nd6 42. Ra7 Rb8 43. Bd1 Nb5 44. Ra6 Nd4 45. Ra7 Nb5 46. Ra6 Nc7 47. Rc6 Ne8 48. Ra6 Bd6 49. Ke3 Rb4 50. Ra4 Bxf4+ 51. Kd3 Be5 52. Ra5 Bd6 53. Ra8 Rb8 54. Ra2 Be7 55. Rf2+ Kg8 56. Re2 Nc7 57. Ra2 Rb4 58. hxg6 hxg6 59. Bc2 e5 60. Bd1 Rd4+ 61. Kc2 Bd6 62. Be2 Kf7 63. Ra1 Rf4 64. Kd2 Rd4+ 65. Kc2 Rf4 66. Kd2 e4 67. Ra7 Rf2 68. Rb7 Bf4+ 69. Ke1 Rg2 70. Rb8 Bg3+ 71. Kd1 Rg1+ 72. Kc2 Ne6 73. Rb7+ Bc7 74. Kd2 Ke7 75. Bb5 Rg2+ 76. Ke1 Kd8 77. Ra7 e3 78. Kf1 Rf2+ 79. Ke1 Rb2 80. Kd1 Rd2+ 81. Kc1 Rh2 82. Kd1 Rh1+ 83. Ke2 Nd4+ 84. Kxe3 Rh3+ 85. Kf2 Nxb5 0-1

[Event "Srdja Dragasevic Memorial-A 2024"]
[Site "Cetinje"]
[Date "2024.06.23"]
[Round "1.7"]
[White "Skvortsova, Alena"]
[Black "Tadic, Stefan"]
[Result "1/2-1/2"]
[ECO "C22"]
[WhiteElo "2170"]
[BlackElo "2421"]
[Annotator "RC"]
[PlyCount "75"]
[EventDate "2024.06.23"]
[EventType "swiss"]
[EventCountry "MNE"]
[SourceTitle "playchess.com"]
[Source "ChessBase"]
[SourceQuality "1"]
[TimeControl "40/5400+30:1800+30"]

1. e4 e5 2. d4 exd4 3. Qxd4 Nc6 4. Qe3 Nf6 5. Bd2 b6 6. Nc3 Bc5 7. Qg3 O-O 8. O-O-O Re8 9. Bg5 Be7 10. h4 Nh5 11. Qh2 Bxg5+ 12. hxg5 Qxg5+ 13. Kb1 g6 14. Be2 d6 15. Bxh5 gxh5 16. Rd5 f5 17. Nf3 Qg4 18. exf5 Bxf5 19. Qxh5 Qxh5 20. Rxh5 Bg6 21. Rh1 Rf8 22. Rd2 Ne7 23. Ng5 Rf5 24. Ne6 Rc8 25. Re1 Kf7 26. f4 h5 27. Nd4 Rf6 28. Rde2 Nf5 29. Nd5 Nxd4 30. Re7+ Kf8 31. Nxf6 Nxc2 32. Nd7+ Kg8 33. Nf6+ Kf8 34. Nd7+ Kg8 35. Nf6+ Kf8 36. Nd7+ Kg8 37. R1e6 Bf5 38. Rh6 1/2-1/2

[Event "Srdja Dragasevic Memorial-A 2024"]
[Site "Cetinje"]
[Date "2024.06.23"]
[Round "1.8"]
[White "Kalezic, Blazo"]
[Black "Slugin, Alexander"]
[Result "1-0"]
[ECO "B91"]
[WhiteElo "2398"]
[BlackElo "2157"]
[Annotator "ChessBase"]
[PlyCount "71"]
[EventDate "2024.06.23"]
[EventType "swiss"]
[EventCountry "MNE"]
[SourceTitle "playchess.com"]
[Source "ChessBase"]
[SourceQuality "1"]
[TimeControl "40/5400+30:1800+30"]

1. e4 c5 2. Nf3 d6 3. d4 cxd4 4. Nxd4 Nf6 5. Nc3 a6 6. g3 g6 7. Bg2 Bg7 8. O-O O-O 9. h3 Bd7 10. g4 Nc6 11. Nb3 b5 12. a3 Rc8 13. f4 Qb6+ 14. Kh2 Be6 15. Nd5 Bxd5 16. exd5 Nb8 17. Qd3 Nfd7 18. Be3 Nc5 19. Nxc5 dxc5 20. c3 Nd7 21. a4 Rfd8 22. axb5 axb5 23. g5 Qb8 24. Ra5 c4 25. Qe4 Bf8 26. Bd4 Re8 27. h4 Bg7 28. Bxg7 Kxg7 29. Bh3 f5 30. Qd4+ Kf7 31. Ra7 Rc7 32. Rfa1 Rec8 33. d6 exd6 34. Bg2 Nb6 35. Ra8 Nxa8 36. Rxa8 1-0

[Event "Srdja Dragasevic Memorial-A 2024"]
[Site "Cetinje"]
[Date "2024.06.23"]
[Round "1.9"]
[White "Levi, Netanel"]
[Black "Yaksin, Oleg"]
[Result "1/2-1/2"]
[ECO "B67"]
[WhiteElo "2152"]
[BlackElo "2389"]
[Annotator "RC"]
[PlyCount "126"]
[EventDate "2024.06.23"]
[EventType "swiss"]
[EventCountry "MNE"]
[SourceTitle "playchess.com"]
[Source "ChessBase"]
[SourceQuality "1"]
[TimeControl "40/5400+30:1800+30"]

1. e4 c5 2. Nf3 d6 3. d4 cxd4 4. Nxd4 Nf6 5. Nc3 Nc6 6. Bg5 e6 7. Qd2 a6 8. O-O-O Bd7 9. h4 h6 10. Be3 Rc8 11. Nxc6 Bxc6 12. f3 Qc7 13. Kb1 b5 14. a3 Be7 15. g4 d5 16. exd5 Nxd5 17. Nxd5 Bxd5 18. Rh3 Qb7 19. Bd4 Bxf3 20. Rxf3 Qxf3 21. Bg2 Qxg4 22. Bxg7 f6 23. Qd7+ Kf7 24. Bxf6 Rc7 25. Qd4 Rg8 26. Qxg4 Rxg4 27. Bf3 Rf4 28. Be5 Rxf3 29. Bxc7 Bxh4 30. Rd7+ Ke8 31. Rh7 Bg5 32. Be5 Rf5 33. Bc3 e5 34. Ra7 h5 35. Rxa6 Kf7 36. a4 bxa4 37. Rxa4 h4 38. Re4 Bf4 39. Bxe5 Bxe5 40. Rxh4 Ke6 41. Ka2 Kd5 42. c3 Kc5 43. b4+ Kb5 44. Kb3 Rf3 45. Rc4 Re3 46. Rc5+ Kb6 47. Rc4 Re2 48. Rc5 Bf6 49. Rc4 Re3 50. Rc5 Be7 51. Rc8 Bd6 52. Rc4 Re1 53. Rh4 Kc6 54. Kc4 Re3 55. Kb3 Be5 56. Rc4+ Kd5 57. Rc5+ Ke4 58. Rc4+ Kd3 59. Rc8 Kd2 60. Rd8+ Kc1 61. Rc8 Rd3 62. Rc5 Bf6 63. Rc6 Be5 1/2-1/2

[Event "Srdja Dragasevic Memorial-A 2024"]
[Site "Cetinje"]
[Date "2024.06.23"]
[Round "1.10"]
[White "Tomic, Aleksandar"]
[Black "Ramaj, Ergit"]
[Result "1-0"]
[ECO "C01"]
[WhiteElo "2388"]
[BlackElo "2128"]
[Annotator "RC"]
[PlyCount "61"]
[EventDate "2024.06.23"]
[EventType "swiss"]
[EventCountry "MNE"]
[SourceTitle "playchess.com"]
[Source "ChessBase"]
[SourceQuality "1"]
[TimeControl "40/5400+30:1800+30"]

1. c4 e6 2. e4 d5 3. exd5 exd5 4. d4 Nf6 5. Nc3 Be7 6. Nf3 O-O 7. Be2 c6 8. h3 dxc4 9. Bxc4 Nbd7 10. O-O Nb6 11. Bb3 Nbd5 12. Re1 Be6 13. Bg5 h6 14. Bd2 c5 15. dxc5 Bxc5 16. Na4 Be7 17. Nd4 Bd7 18. Qf3 Bxa4 19. Bxa4 Nb6 20. Nf5 Qxd2 21. Re2 Qb4 22. Nxe7+ Kh8 23. Bb3 Nc4 24. Qf4 b5 25. Nf5 Qc5 26. Nxh6 Nh5 27. Nxf7+ Kg8 28. Qg5 Qxg5 29. Nxg5 Nf4 30. Re4 Nd3 31. Rxc4 1-0

[Event "Srdja Dragasevic Memorial-A 2024"]
[Site "Cetinje"]
[Date "2024.06.23"]
[Round "1.11"]
[White "Abdulkarimli, Eljan"]
[Black "Kosic, Dragan"]
[Result "1-0"]
[ECO "C02"]
[WhiteElo "2124"]
[BlackElo "2382"]
[Annotator "RC"]
[PlyCount "37"]
[EventDate "2024.06.23"]
[EventType "swiss"]
[EventCountry "MNE"]
[SourceTitle "playchess.com"]
[Source "ChessBase"]
[SourceQuality "1"]
[TimeControl "40/5400+30:1800+30"]

1. e4 e6 2. d4 d5 3. e5 Bd7 4. Nf3 a6 5. c4 dxc4 6. Bxc4 Bc6 7. Nc3 h6 8. d5 exd5 9. Nxd5 Bc5 10. e6 fxe6 11. Ne5 Bxd5 12. Qh5+ Ke7 13. Qf7+ Kd6 14. Bf4 Bb4+ 15. Ke2 g5 16. Bxd5 exd5 17. Nc6+ Kxc6 18. Rhc1+ Bc5 19. Qe6+ 1-0

[Event "Srdja Dragasevic Memorial-A 2024"]
[Site "Cetinje"]
[Date "2024.06.23"]
[Round "1.12"]
[White "Ivanovic, Bozidar"]
[Black "Pusara, Mihailo"]
[Result "0-1"]
[ECO "B48"]
[WhiteElo "2371"]
[BlackElo "2117"]
[Annotator "RC"]
[PlyCount "148"]
[EventDate "2024.06.23"]
[EventType "swiss"]
[EventCountry "MNE"]
[SourceTitle "playchess.com"]
[Source "ChessBase"]
[SourceQuality "1"]
[TimeControl "40/5400+30:1800+30"]

1. e4 c5 2. Nf3 d6 3. d4 cxd4 4. Nxd4 Nf6 5. Nc3 Nc6 6. Bc4 Qb6 7. Nb3 e6 8. O-O Be7 9. Be3 Qc7 10. f4 O-O 11. Bd3 a6 12. Kh1 b5 13. a3 Bb7 14. Qf3 Rac8 15. Qh3 g6 16. f5 exf5 17. Bh6 Rfe8 18. exf5 Qd7 19. Nd5 Bd8 20. Bg5 Nxd5 21. fxg6 Qxh3 22. gxf7+ Kf8 23. fxe8=Q+ Kxe8 24. gxh3 Bxg5 25. Rae1+ Ne5 26. Na5 Ba8 27. Be4 Bd2 28. Rd1 Ne3 29. Bxa8 Bxa5 30. Bb7 Rxc2 31. Rc1 Rxb2 32. Rb1 Rxb1 33. Rxb1 N3c4 34. Bxa6 Nxa3 35. Bxb5+ Nxb5 36. Rxb5 Bd2 37. Rb7 Nd7 38. Kg2 Ke7 39. Kf3 d5 40. Ra7 Ke6 41. Ra6+ Ke5 42. Ra7 Nf6 43. Re7+ Kf5 44. Ke2 Bf4 45. Kd3 Bxh2 46. Kd4 Bg1+ 47. Kd3 h6 48. Re1 Bf2 49. Re7 d4 50. Ra7 Be3 51. Ra6 Nd7 52. Ke2 Ne5 53. Ra8 Ke4 54. Re8 d3+ 55. Kd1 Kd4 56. Rd8+ Ke4 57. Re8 Bf4 58. h4 Kf3 59. Rd8 Kg4 60. Rd4 Kf3 61. Rd8 Kg3 62. h5 d2 63. Ke2 Ng4 64. Rg8 Bg5 65. Rf8 Kh4 66. Rf1 Kxh5 67. Ra1 Kg6 68. Ra4 h5 69. Rd4 Ne5 70. Ra4 Kf5 71. Ra1 h4 72. Rh1 Nc4 73. Rb1 h3 74. Rb5+ Kg4 0-1

[Event "Srdja Dragasevic Memorial-A 2024"]
[Site "Cetinje"]
[Date "2024.06.23"]
[Round "1.13"]
[White "Engin, Onur Cinar"]
[Black "Damljanovic, Branko"]
[Result "1-0"]
[ECO "C55"]
[WhiteElo "2114"]
[BlackElo "2364"]
[Annotator "RC"]
[PlyCount "75"]
[EventDate "2024.06.23"]
[EventType "swiss"]
[EventCountry "MNE"]
[SourceTitle "playchess.com"]
[Source "ChessBase"]
[SourceQuality "1"]
[TimeControl "40/5400+30:1800+30"]

1. e4 e5 2. Nf3 Nc6 3. Bc4 Be7 4. d4 d6 5. O-O Nf6 6. Re1 O-O 7. h3 exd4 8. Nxd4 Ne5 9. Bf1 Re8 10. f4 Ned7 11. Nc3 Bf8 12. g4 g6 13. g5 Nh5 14. Be2 Ng7 15. Bg4 c6 16. b3 Nc5 17. Bb2 f5 18. exf5 gxf5 19. Be2 d5 20. Qd2 Ne4 21. Nxe4 fxe4 22. Bg4 Qb6 23. Kg2 Bb4 24. c3 Bc5 25. Ne2 Be3 26. Qc2 Qc7 27. Rf1 Bxg4 28. hxg4 Qd7 29. f5 Bxg5 30. c4 Rf8 31. Rad1 h5 32. Ng3 hxg4 33. Qxe4 Rae8 34. Qxg4 Bf6 35. Bxf6 Rxf6 36. cxd5 Ref8 37. Nh5 Rxf5 38. Rxf5 1-0

[Event "Srdja Dragasevic Memorial-A 2024"]
[Site "Cetinje"]
[Date "2024.06.23"]
[Round "1.14"]
[White "Sukovic, Andrej"]
[Black "Arora Honi"]
[Result "0-1"]
[ECO "B22"]
[WhiteElo "2350"]
[BlackElo "2082"]
[Annotator "RC"]
[PlyCount "70"]
[EventDate "2024.06.23"]
[EventType "swiss"]
[EventCountry "MNE"]
[SourceTitle "playchess.com"]
[Source "ChessBase"]
[SourceQuality "1"]
[TimeControl "40/5400+30:1800+30"]

1. e4 c5 2. c3 d5 3. exd5 Qxd5 4. d4 Nf6 5. Nf3 Bg4 6. dxc5 Qxd1+ 7. Kxd1 e5 8. Be3 e4 9. h3 Bh5 10. g4 Nxg4 11. hxg4 Bxg4 12. Rg1 Bxf3+ 13. Kc2 Nd7 14. b4 h5 15. Nd2 Bg4 16. Nxe4 O-O-O 17. Bf4 Re8 18. Ng5 Rh6 19. Bc4 Rf6 20. Bg3 h4 21. Bxh4 Rf4 22. Bd3 Be2 23. Bg3 Bxd3+ 24. Kxd3 Rf5 25. f4 g6 26. Ne4 Rd5+ 27. Kc4 Rxe4+ 28. Kb3 Re3 29. Rae1 Rdd3 30. Rxe3 Rxe3 31. Be1 Rf3 32. Bd2 Bh6 33. Re1 Bxf4 34. Re8+ Kc7 35. Be1 Re3 0-1

[Event "Srdja Dragasevic Memorial-A 2024"]
[Site "Cetinje"]
[Date "2024.06.23"]
[Round "1.15"]
[White "Willy, Stephen"]
[Black "Pecurica, Milos"]
[Result "1-0"]
[ECO "C11"]
[WhiteElo "2046"]
[BlackElo "2338"]
[Annotator "RC"]
[PlyCount "71"]
[EventDate "2024.06.23"]
[EventType "swiss"]
[EventCountry "MNE"]
[SourceTitle "playchess.com"]
[Source "ChessBase"]
[SourceQuality "1"]
[TimeControl "40/5400+30:1800+30"]

1. e4 e6 2. d4 d5 3. Nc3 Nf6 4. e5 Nfd7 5. f4 c5 6. Nf3 Nc6 7. Be3 Be7 8. Qd2 O-O 9. h4 f6 10. exf6 Nxf6 11. dxc5 Qa5 12. Ne2 Qxd2+ 13. Nxd2 Ng4 14. Bg1 Nb4 15. O-O-O Nxa2+ 16. Kb1 Nb4 17. Nf3 Na6 18. g3 Nxc5 19. Bh3 Nf6 20. Ng5 Nfe4 21. Bxc5 Nxc5 22. Nd4 Bxg5 23. hxg5 e5 24. fxe5 Bxh3 25. Rxh3 Ne4 26. g6 hxg6 27. Rdh1 Nf2 28. Rh8+ Kf7 29. Rxf8+ Rxf8 30. Re1 Ne4 31. Re3 Ke7 32. Ka2 Rc8 33. c3 Rh8 34. c4 Rh5 35. cxd5 Nxg3 36. d6+ 1-0

[Event "Srdja Dragasevic Memorial-A 2024"]
[Site "Cetinje"]
[Date "2024.06.23"]
[Round "1.16"]
[White "Atakisi, Umut"]
[Black "Loncar, Milenko"]
[Result "1-0"]
[ECO "B06"]
[WhiteElo "2335"]
[BlackElo "2038"]
[Annotator "RC"]
[PlyCount "73"]
[EventDate "2024.06.23"]
[EventType "swiss"]
[EventCountry "MNE"]
[SourceTitle "playchess.com"]
[Source "ChessBase"]
[SourceQuality "1"]
[TimeControl "40/5400+30:1800+30"]

1. e4 d6 2. d4 g6 3. Nc3 Bg7 4. Be3 c6 5. Qd2 b5 6. h4 h6 7. f3 Ba6 8. a3 Bb7 9. g4 Nd7 10. Nh3 a6 11. Nf2 Nb6 12. f4 e6 13. h5 Qc7 14. hxg6 fxg6 15. e5 d5 16. Nd3 Nc4 17. Qf2 Nxe3 18. Qxe3 Bf8 19. f5 gxf5 20. gxf5 exf5 21. Nf4 Qf7 22. Be2 O-O-O 23. Bh5 Qd7 24. Nce2 Be7 25. Qh3 Bg5 26. Nd3 Kb8 27. Rf1 Ne7 28. Nc5 Qc8 29. a4 Qc7 30. axb5 Qb6 31. bxa6 Bc8 32. Rf3 Ka7 33. Rb3 Qc7 34. Rb7+ Qxb7 35. axb7+ Kb8 36. Ra8+ Kc7 37. b8=Q# 1-0